 Dungeon Crawl Stone Soup version 0.31.0-11-ge490571c62 (webtiles) character file.

Game seed: 9124573370592549932

3265 Fodor the Cleaver (level 9, -4/80 HPs)
             Began as a Minotaur Fighter on Feb 7, 2024.
             Was an Initiate of Gozag.
             Killed from afar by a manticore (19 damage)
             ... with a volley of spikes
             ... on level 8 of the Dungeon.
             The game lasted 00:25:31 (6350 turns).

Fodor the Cleaver (Minotaur Fighter)                Turns: 6350, Time: 00:25:32

Health: -4/80      AC: 12    Str: 25 (26) XL:     9   Next: 68%
Magic:  8/8        EV: 14    Int:  3 (5)  God:    Gozag
Gold:   719        SH:  0    Dex:  7 (9)  Spells: 8/8 levels left

rFire   . . .        r - +0 battleaxe
rCold   . . .        (shield currently unavailable)
rNeg    + . .        g - +0 chain mail
rPois   .            (helmet restricted)
rElec   .            s - +0 cloak
rCorr   .            (no gloves)
SInv    .            (no boots)
Will    .....        (no amulet) Stlth
                     a - +5 ring of evasion
HPRegen 0.33/turn    m - ring of positive energy
MPRegen 0.11/turn

%: no passive effects
@: mighty, about to teleport, spiked
A: horns 2, retaliatory headbutt
a: Renounce Religion, Potion Petition, Call Merchant, Bribe Branch


You were on level 8 of the Dungeon.
You worshipped Gozag.
Gozag was pleased with you.
You visited 2 branches of the dungeon, and saw 9 of its levels.

You collected 821 gold pieces.
You paid 102 gold pieces to Gozag.

Inventory:

Hand Weapons
 r - a +0 battleaxe (weapon)
Missiles
 A - a throwing net (quivered)
Armour
 g - a +0 chain mail (worn)
 s - a +0 cloak (worn)
 y - a +0 kite shield
Jewellery
 a - a +5 ring of evasion (left hand)
 b - a ring of poison resistance
 m - a ring of positive energy (right hand)
 o - a ring of flight
Talismans
 D - a flux talisman
Wands
 i - a wand of roots (5)
 t - a wand of flame (14)
 w - a wand of charming (12)
 F - a wand of light (8)
Scrolls
 f - 2 scrolls of enchant armour {unknown}
 h - a scroll of immolation
 j - 2 scrolls of noise
 k - a scroll of teleportation
 l - a scroll of identify {unknown}
 p - a scroll of blinking {unknown}
 u - a scroll of vulnerability {unknown}
 z - 3 scrolls of poison {unknown}
 G - a scroll of fear {unknown}
 H - a scroll of enchant weapon {unknown}
Potions
 c - 3 potions of curing {unknown}
 d - a potion of might
 e - a potion of invisibility {unknown}
 n - a potion of heal wounds {unknown}
 q - a potion of brilliance {unknown}
 v - a potion of attraction {unknown}
 x - a potion of haste {unknown}
 B - a potion of degeneration
 C - 2 potions of lignification {unknown}
 E - a potion of berserk rage {unknown}


   Skills:
 + Level 7.6 Fighting
 + Level 12.4 Axes
 + Level 8.1 Armour
 + Level 2.7 Dodging
 + Level 0.3 Stealth
 + Level 4.5 Shields


You had 8 spell levels left.
You didn't know any spells.
Your spell library contained the following spells:

 Spells                   Type           Power      Damage    Failure   Level
 Mercury Vapours          Alch/Air       0%         N/A       99%         2
 Dazzling Flash           Conj/Hex       0%         N/A       100%        3
 Mephitic Cloud           Conj/Alch/Air  0%         N/A       100%        3
 Volatile Blastmotes      Fire/Tloc      0%         2d10      100%        3
 Freezing Cloud           Conj/Ice/Air   0%         6-21      100%        5
 Starburst                Conj/Fire      0%         6d3       100%        6
 Maxwell's Capacitive Co  Air            0%         ∞         100%        8


Dungeon Overview and Level Annotations

Branches:
Dungeon (8/15)             Temple (1/1) D:5
   Lair: D:8-11

Altars:
Ashenzari
Cheibriados
Dithmenos
Elyvilon
Fedhas
Gozag
Hepliaklqana
Kikubaaqudgha
Makhleb
Nemelex Xobeh
Okawaru
Qazlal
Ru
Sif Muna
Trog
Uskayaw
Wu Jian
Xom
Yredelemnul
Zin
The Shining One


Innate Abilities, Weirdness & Mutations

You have a pair of horns on your head.
You reflexively headbutt those who attack you in melee.


Message History

The boulder beetle bites you!
You slice the boulder beetle!!
You headbutt the boulder beetle, but do no damage.
The boulder beetle is moderately wounded.
You hit the manticore.
You hear a loud, deep croak!
The manticore bites you! The manticore claws you. The manticore misses you.
The boulder beetle bites you.
It was a potion of degeneration.
There was something very wrong with that liquid.
You feel weakened.
You feel dopey.
You feel clumsy. The manticore barely misses you. You furiously retaliate!
You headbutt the manticore. The manticore misses you.
The manticore claws you but does no damage.
The boulder beetle barely misses you.
You feel very mighty all of a sudden. The manticore bites you.
* * * LOW HITPOINT WARNING * * *
The manticore claws you.
* * * LOW HITPOINT WARNING * * *
The manticore claws you.
* * * LOW HITPOINT WARNING * * *
The boulder beetle bites you but does no damage.
As you read the scroll of teleportation, it crumbles to dust.
You feel strangely unstable.
The boulder beetle bites you but does no damage.
The manticore bites you.
* * * LOW HITPOINT WARNING * * *
The manticore claws you but does no damage.
The manticore barely misses you.
The manticore flicks its tail.
The volley of spikes skewers you but does no damage.
You hear a loud, deep croak!
Things that are here:
a +0 hand axe; a +0 arbalest; a +0 chain mail The manticore flicks its tail.
The volley of spikes skewers you!!
The barbed spikes become lodged in your body.
You die...
Your body crumbles into a pile of gold.

#.#.#################
.....^.......>#
..............#######
#....................
............#.#######
##'###.#.# ### ##.##
#.#.# #..
#.#####.#####.#.# #.#
+#...#@#...#'.#.# #.#
#.###)#####.#.#.# #..
#...## ##.##.#.# ###
##H#####'###.#.#
#T#B##.....#.#.# #.#
#u#.###.#.#.# +#
#+.###.'.#.#######
#.##..#.#........
#..).##.#.#######


You could see a manticore and a troll.

Vanquished Creatures
  A cyclops (D:8)
  A hornet (D:5)
  2 wyverns
  A water moccasin (D:7)
  A black bear (D:5)
  A sky beast (D:8)
  An orc warrior (D:8)
  4 ice beasts
  3 ogres
  A centaur (D:8)
  Blork the orc (D:6)
  4 scorpions
  A bullfrog (D:5)
  6 killer bees
  4 orc priests
  A gnoll bouda (D:6)
  2 sleepcaps
  Natasha (D:4)
  4 iguanas
  2 orc wizards
  9 gnolls
  10 adders
  A white imp (D:5)
  2 ufetubi (D:6)
  A dart slug (D:4)
  A ribbon worm (D:3)
  20 orcs
  5 endoplasms
  3 giant cockroaches
  11 goblins
  6 hobgoblins
  3 jackals
  7 kobolds
  A quokka (D:1)
  7 ball pythons
  5 bats
  2 frilled lizards (D:2)
  5 rats
141 creatures vanquished.

Notes
Turn   | Place    | Note
-------+----------+-------------------------------------------
     0 | D:1      | Fodor the Minotaur Fighter began the quest for the Orb.
     0 | D:1      | Reached XP level 1. HP: 19/19 MP: 0/0
   178 | D:1      | Reached XP level 2. HP: 23/27 MP: 1/1
   799 | D:2      | Reached XP level 3. HP: 32/33 MP: 2/2
   801 | D:2      | Reached skill level 3 in Axes
   861 | D:2      | Reached XP level 4. HP: 35/41 MP: 3/3
  1728 | D:3      | Reached skill level 4 in Axes
  2042 | D:3      | Found a burning altar of Makhleb.
  2478 | D:4      | Noticed Natasha
  2483 | D:4      | Reached XP level 5. HP: 45/47 MP: 4/4
  2486 | D:4      | Killed Natasha
  2707 | D:4      | Reached skill level 1 in Dodging
  2895 | D:4      | Identified the +7 dagger "Wual" {heavy, rC+ Str+3}
  2900 | D:4      | Noticed an ogre
  2909 | D:4      | Killed an ogre
  2910 | D:4      | Reached skill level 5 in Axes
  2910 | D:4      | Reached XP level 6. HP: 36/55 MP: 5/5
  3072 | D:5      | Entered Level 5 of the Dungeon
  3084 | D:5      | Reached skill level 5 in Armour
  3113 | D:5      | Reached skill level 5 in Fighting
  3113 | D:5      | Reached skill level 6 in Axes
  3157 | D:5      | Reached XP level 7. HP: 53/61 MP: 6/6
  3407 | D:5      | Found a staircase to the Ecumenical Temple.
  3417 | D:5      | Reached skill level 7 in Axes
  3448 | Temple   | Entered the Ecumenical Temple
  3519 | Temple   | Became a worshipper of Gozag Ym Sagoz the Greedy
  3800 | D:5      | Noticed a hornet
  3813 | D:5      | Killed a hornet
  3814 | D:5      | Reached skill level 8 in Axes
  3814 | D:5      | Reached XP level 8. HP: 38/70 MP: 7/7
  4375 | D:6      | Reached skill level 9 in Axes
  4547 | D:6      | Noticed Blork the orc
  4558 | D:6      | Killed Blork the orc
  4884 | D:7      | Reached skill level 10 in Axes
  5561 | D:7      | Reached XP level 9. HP: 78/78 MP: 8/8
  5583 | D:7      | Reached skill level 11 in Axes
  6332 | D:8      | Reached skill level 12 in Axes
  6335 | D:8      | Noticed a cyclops
  6335 | D:8      | Noticed a manticore
  6337 | D:8      | Noticed a troll
  6339 | D:8      | Killed a cyclops
  6341 | D:8      | Noticed a boulder beetle
  6342 | D:8      | Noticed a green ugly thing
  6350 | D:8      | Killed from afar by a manticore

Illustrated notes

Levels and vault maps discovered:
D:1:      sevenhm_arrival_forest_fort_small_5, layout_rooms
D:2:      layout_basic
D:3:      layout_rooms, lightli_temple_of_fire, serial_co_window_serial,
          co_window_of_opportunity_a, co_window_paths_a,
          co_window_of_opportunity_a, co_window_corner_a, co_window_corner_a,
          co_window_corner_a, co_window_cross_1, co_window_broadway_b,
          co_window_2corner, co_window_paths_c, co_window_broadway_b,
          glass_columns_b, glass_columns_a, glass_columns_b, glass_columns_c
D:4:      layout_cave_pods, uniq_natasha
D:5:      minmay_skewed_foursquare, layout_rooms, minmay_temple_entry_tees,
          moated_statue, nicolae_figureground_pulse
D:6:      layout_rooms, solitary_fountain, uniq_blork_the_orc
D:7:      layout_basic, minmay_fountain_box
D:8:      minmay_the_grid_square_5x5_3x3 [minmay_the_grid_square_5x5_n_small,
          minmay_the_grid_square_5x5_two_walls_b,
          minmay_the_grid_square_5x5_three_small,
          minmay_the_grid_square_5x5_six_small,
          minmay_the_grid_square_5x5_megaprize_checkered,
          minmay_the_grid_square_5x5_broken_cross,
          minmay_the_grid_square_5x5_almost_minimal,
          minmay_the_grid_square_5x5_bite, minmay_the_grid_square_5x5_two],
          layout_basic, disabler_island
Temple:   mainiacjoe_temple_cubbyholes

Skill      XL: |  1  2  3  4  5  6  7  8  9 |
---------------+----------------------------+-----
Fighting       | 4 5 6 7 |  7.6
Shields        | 4 |  4.5
Armour         | 4 5 6 7 8 |  8.1
Axes           | 3 4 5 6 8 10 12 | 12.4
Dodging        | 1 2 |  2.7
Stealth        | |  0.3

Action                     |  1- 3 |  4- 6 |  7- 9 || total
---------------------------+-------+-------+-------++-------
  Melee: War axe           |    93 |    33 |       ||   126
         Headbutt          |    13 |    27 |    20 ||    60
         Battleaxe         |       |    98 |   159 ||   257
    Use: Scroll            |       |     2 |     3 ||     5
         Potion            |       |       |     2 ||     2
   Stab: Distracted        |       |       |     2 ||     2
 Armour: Scale mail        |    14 |       |       ||    14
         Chain mail        |    80 |   120 |   142 ||   342
  Dodge: Dodged            |    56 |    86 |   128 ||   270
  Block: Buckler           |    30 |    12 |       ||    42
